 Dungeon Crawl Stone Soup version 0.18.1-5-g4a78601 (webtiles) character file.

270 HectorRamtar the Conjurer (level 6, 0/41 HPs)
             Began as a Mummy Wizard on May 13, 2016.
             Was an Initiate of Ashenzari.
             Slain by a river rat (3 damage)
             ... in a sewer.
             The game lasted 00:37:51 (5731 turns).

HectorRamtar the Conjurer (Mummy Wizard)            Turns: 5731, Time: 00:37:52

Health: 0/41       AC:  2    Str: 11    XL:     6   Next: 1%
Magic:  1/10       EV: 12    Int: 18    God:    Ashenzari [......]
Gold:   93         SH:  0    Dex: 11    Spells: 3 memorised, 4 levels left

rFire  x . .     SeeInvis .     a - +0 long sword
rCold  + . .     Gourm    .     f - +0 robe
rNeg   + + +     Faith    .     (no shield)
rPois  ∞         Spirit   .     g - +0 hat
rElec  .         Dismiss  .     (no cloak)
rCorr  .         Reflect  .     (no gloves)
SustAt .         Harm     .     (no boots)
MR     .....                    (no amulet)
Stlth  ++........               (no ring)
                                (no ring)

@: not resistant to hostile enchantments, unstealthy
A: no food or potions, fire vulnerability, cold resistance 1, negative energy
resistance 3, torment resistance, unbreathing
a: Curse Item, Renounce Religion


You were in a sewer.
You worshipped Ashenzari.
Ashenzari was noncommittal.
You were not hungry.

You visited 1 branch of the dungeon, and saw 4 of its levels.
You also visited: Sewer.

You collected 93 gold pieces.

Inventory:

Hand Weapons
 a - a +0 long sword (weapon)
 b - a +0 hand axe
 h - a +1 whip of holy wrath
 m - a +0 dagger
 n - a cursed +0 spear
Armour
 f - a +0 robe (worn)
 g - a +0 hat (worn)
Scrolls
 d - 2 scrolls of amnesia {unknown}
 e - a scroll of magic mapping {unknown}
 i - a scroll of blinking {unknown}
 j - 2 scrolls of remove curse
 k - a scroll of identify {unknown}
 l - 3 scrolls of teleportation {unknown}
Books
 c - a book of Minor Magic

   Spells                             Type                      Level
   a - Magic Dart                     Conjuration                  1
   b - Blink                          Translocation                2
   c - Call Imp                       Summoning                    2
   d - Repel Missiles                 Charms/Air                   2
   e - Slow                           Hexes                        2
   f - Conjure Flame                  Conjuration/Fire             3
   g - Mephitic Cloud                 Conjuration/Poison/Air       3


   Skills:
 - Level 2.0 Dodging
 - Level 2.1 Stealth
 - Level 3.0 Spellcasting
 * Level 3.9 Conjurations
   Level 0.7 Summonings
   Level 0.7 Translocations
 + Level 0.1 Fire Magic
 - Level 2.0 Poison Magic


You had 4 spell levels left.
You knew the following spells:

 Your Spells              Type           Power        Failure   Level  Hunger
a - Magic Dart            Conj           ###.         3%          1    N/A
b - Conjure Flame         Conj/Fire      ##......     24%         3    N/A
c - Mephitic Cloud        Conj/Pois/Air  #.......     24%         3    N/A

Dungeon Overview and Level Annotations

Branches:
Dungeon (4/15)             Temple (0/1) D:4

Altars:
Ashenzari

Annotations:
D:3 Sigmund, Terence
D:4 Etesian's ghost, amateur SpAs


Innate Abilities, Weirdness & Mutations

You do not eat or drink.
Your flesh is vulnerable to fire.
You are immune to poison.
Your flesh is cold resistant.
You are immune to negative energy.
You are immune to unholy pain and torment.
You can survive without breathing.


Message History

The river rat appears confused.
You kill the river rat!
A rat comes into view.
You completely miss the river rat.
The river rat is almost dead.
The river rat bites you.
* * * LOW HITPOINT WARNING * * *
The river rat bites you.
* * * LOW HITPOINT WARNING * * *
A river rat comes into view.
You hit the river rat.
You kill the river rat!
You have reached level 6!
Your experience leads to an increase in your attributes!
Increase (S)trength, (I)ntelligence, or (D)exterity?
You feel agile.
You hit the river rat.
The river rat is almost dead.
The river rat bites you.
You die...

≈≈≈≈≈≈.≈......rS≈≈≈≈
....≈≈..r........≈≈.
...................≈
........S...........
#.†.....S........†
##.......##.......
#...##rr## ##.....
#∩..# ##rr### #...
### ##rr@# ## #####


You could see 2 river rats and 4 rats.

Vanquished Creatures
  An orc wizard (D:4)
  Robin (D:3)
  9 adders
  2 river rats (Sewer)
  3 oozes
  An adder skeleton (D:4)
  3 worms
  6 dart slugs (D:1)
  3 giant geckos
  4 orcs
  4 ball pythons
  10 bats
  A giant cockroach (D:1)
  15 goblins
  10 hobgoblins
  7 jackals (D:1)
  3 quokkas
  A giant newt (D:2)
  6 kobolds
  12 rats
102 creatures vanquished.

Notes
Turn   | Place    | Note
--------------------------------------------------------------
     0 | D:1      | HectorRamtar the Mummy Wizard began the quest for the Orb.
     0 | D:1      | Reached XP level 1. HP: 13/13 MP: 4/4
   243 | D:1      | Reached skill level 1 in Conjurations
   430 | D:1      | Reached XP level 2. HP: 19/19 MP: 1/6
  1306 | D:1      | Reached XP level 3. HP: 24/24 MP: 3/7
  1311 | D:1      | Learned a level 3 spell: Conjure Flame
  1315 | D:1      | Learned a level 3 spell: Mephitic Cloud
  2409 | D:1      | Reached XP level 4. HP: 8/30 MP: 0/8
  2639 | D:1      | Reached skill level 1 in Poison Magic
  3256 | D:2      | Found a shattered altar of Ashenzari.
  3264 | D:2      | Became a worshipper of Ashenzari the Shackled
  4329 | D:2      | Reached XP level 5. HP: 35/35 MP: 5/9
  4413 | D:3      | Noticed Robin
  4643 | D:3      | Killed Robin
  5142 | D:3      | Noticed Terence
  5176 | D:3      | Noticed Sigmund
  5385 | D:4      | Found a staircase to the Ecumenical Temple.
  5435 | D:4      | Noticed Etesian's ghost (amateur SpAs)
  5457 | D:4      | Found a glowing drain.
  5485 | Sewer    | Entered a sewer
  5730 | Sewer    | Reached XP level 6. HP: 2/41 MP: 0/10
  5731 | Sewer    | Slain by a river rat

Skill      XL: |  1  2  3  4  5 |
---------------+----------------+-----
Conjurations   | 1 2 3 |  3.9
Stealth        | 2 |  2.1
Dodging        | 2 |  2.0
Poison Magic   | 1 2 |  2.0
Spellcasting   | |  3.0
Summonings     | |  0.7
Translocations | |  0.7
Fire Magic     | |  0.1

Action                   |  1- 3 |  4- 6 || total
-------------------------+-------+-------++-------
Melee: Unarmed           |     9 |       ||     9
       Hand axe          |    16 |     8 ||    24
       Short sword       |     5 |       ||     5
       Dagger            |    56 |    33 ||    89
       Long sword        |       |    89 ||    89
 Cast: Magic Dart        |    52 |    95 ||   147
       Mephitic Cloud    |     9 |    26 ||    35
       Conjure Flame     |       |     1 ||     1
 Stab: Sleeping          |     2 |       ||     2
       Confused          |     5 |     4 ||     9
Armor: Robe              |    16 |    21 ||    37
Dodge: Dodged            |    50 |    91 ||   141
